 Dungeon Crawl Stone Soup version 0.24-a0-411-g4df2b1290f (webtiles) character file.

Game seed: 17099529680231255425

62 Nattfarinn the Digger (level 4, -2/24 HPs)
             Began as a Gargoyle Earth Elementalist on June 6, 2019.
             Slain by an iguana (8 damage)
             ... on level 2 of the Dungeon.
             The game lasted 00:02:44 (1665 turns).

Nattfarinn the Digger (Gargoyle Earth Elementalist) Turns: 1665, Time: 00:02:45

Health: -2/24      AC:  7    Str: 11    XL:     4   Next: 8%
Magic:  5/8        EV: 12    Int: 17    God:
Gold:   62         SH:  0    Dex: 10    Spells: 7/8 levels left

rFire    . . .     SeeInvis .   k - +0 spear
rCold    . . .     Gourm    .   (no shield)
rNeg     + . .     Faith    .   c - +0 robe
rPois    ∞         Spirit   .   (no helmet)
rElec    +         Reflect  .   (no cloak)
rCorr    .         Harm     .   (no gloves)
MR       .....                  i - +1 pair of boots
Stlth    ++........             (no amulet)
HPRegen  0.08/turn              (no ring)
MPRegen  0.11/turn              (no ring)

@: no status effects
A: negative energy resistance 1, electricity resistance, unbreathing,
petrification resistance, rot immunity, AC +3
a: no special abilities


You were on level 2 of the Dungeon.
You were not hungry.

You visited 1 branch of the dungeon, and saw 2 of its levels.

You collected 62 gold pieces.

Inventory:

Hand Weapons
 k - a +0 spear (weapon)
Missiles
 b - 90 stones (quivered)
Armour
 c - a +0 robe (worn)
 i - a +1 pair of boots (worn)
Scrolls
 e - a scroll of blinking {unknown}
 h - 3 scrolls of teleportation {unknown}
 j - a scroll of enchant weapon {unknown}
 m - 2 scrolls of identify {unknown}
Potions
 a - a potion of flight {unknown}
 f - 3 potions of curing {unknown}
 l - a potion of lignification {unknown}
 n - a potion of brilliance {unknown}
Comestibles
 d - 2 rations
 g - 5 chunks of flesh


   Skills:
 - Level 1.5 Dodging
 - Level 2.1 Stealth
 + Level 2.7 Spellcasting
   Level 0.7 Transmutations
 * Level 5.2 Earth Magic


You had 7 spell levels left.
You knew the following spells:

 Your Spells              Type           Power        Failure   Level  Hunger
a - Sandblast             Erth           ###...       1%          1    #......

Your spell library contained the following spells:

 Spells                   Type           Power        Failure   Level  Hunger
 Passwall                 Tmut/Erth      ##......     8%          2    ##.....
 Stone Arrow              Conj/Erth      ##....       19%         3    ###....
 Petrify                  Tmut/Erth      ##......     45%         4    #####..
 Lee's Rapid Deconstruct  Erth           ###.......   50%         5    ######.


Dungeon Overview and Level Annotations

Branches:
Dungeon (2/15)

Altars:


Innate Abilities, Weirdness & Mutations

You are resistant to torment.
Your stone body is resilient. (AC +3)
You are immune to poison.
You resist negative energy. (rN+)
You are resistant to electric shocks. (rElec)
You can survive without breathing.
You are immune to petrification.
You are immune to rotting.


Message History

Casting: Sandblast (safe; 1% risk of failure)
Confirm with . or Enter, or press ? or * to list all spells.
Aiming: Sandblast (safe; 1% risk of failure)
Press: ? - help, Shift-Dir - straight line, f/p - iguana
Aim: an iguana (severely wounded)
The blast of sand hits the iguana.
The iguana is severely wounded.
b - 91 stones The iguana hisses menacingly.
The iguana bites you but does no damage.
Casting: Sandblast (safe; 1% risk of failure)
Confirm with . or Enter, or press ? or * to list all spells.
Aiming: Sandblast (safe; 1% risk of failure)
Press: ? - help, Shift-Dir - straight line, f/p - iguana
Aim: an iguana (severely wounded)
The blast of sand hits the iguana.
The iguana is almost dead.
b - 90 stones The iguana bites you!
You die...

### ..# #####.# #.....#
#### # ###.....##..(.. #
##......(.......
#########.......@.......
.................l......
.†÷.....##..............
#......................>
#.......................
#.......#...............
#......##...............
....)............##.....
.......###########


You could see an iguana.

Vanquished Creatures
  2 adders (D:2)
  A dart slug (D:1)
  3 leopard geckos
  2 giant cockroaches (D:2)
  2 goblins (D:1)
  5 hobgoblins
  7 bats
  5 frilled lizards
  6 kobolds
  6 rats
39 creatures vanquished.

Notes
Turn   | Place    | Note
-------+----------+-------------------------------------------
     0 | D:1      | Nattfarinn the Gargoyle Earth Elementalist began the quest
                  | for the Orb.
     0 | D:1      | Reached XP level 1. HP: 10/10 MP: 3/3
   117 | D:1      | Reached skill level 4 in Earth Magic
   413 | D:1      | Reached XP level 2. HP: 15/15 MP: 3/5
  1093 | D:2      | Reached XP level 3. HP: 19/19 MP: 4/6
  1386 | D:2      | Reached skill level 5 in Earth Magic
  1542 | D:2      | Reached XP level 4. HP: 23/24 MP: 8/8
  1665 | D:2      | Slain by an iguana

Levels and vault maps discovered:
D:1:      dpeg_arrival_more_subterranean_lakeside_camping, layout_loops_ring,
          kennysheep_decorative_pillar, st_stairs_11
D:2:      layout_rooms, interstate_on_off

Skill      XL: |  1  2  3 |
---------------+----------+-----
Earth Magic    | 4 5 |  5.2
Dodging        | |  1.5
Stealth        | |  2.1
Spellcasting   | |  2.7
Transmutations | |  0.7

Action                   |  1- 3 |  4- 6 || total
-------------------------+-------+-------++-------
Melee: Unarmed           |    26 |       ||    26
       Spear             |    57 |    17 ||    74
 Cast: Sandblast         |    26 |     3 ||    29
 Stab: Sleeping          |     5 |       ||     5
  Eat: Chunk             |     2 |     1 ||     3
Armor: Robe              |    37 |     3 ||    40
Dodge: Dodged            |    63 |     9 ||    72

Table legend:
 A = Non-vault XP
 B = Vault XP
 C = Vault XP percentage of total XP
 D = Non-vault monster count
 E = Vault monster count
 F = Vault count percentage of total count
                 A         B        C        D         E       F
            +---------+---------+-------+---------+---------+-------
      Total |      83 |       6 |   6.7 |      34 |       5 |  12.8
            +---------+---------+-------+---------+---------+-------
        D:1 |      27 |       6 |  18.2 |      16 |       5 |  23.8
        D:2 |      56 |       0 |   0.0 |      18 |       0 |   0.0
            +---------+---------+-------+---------+---------+-------
